 Dungeon Crawl Stone Soup version 0.32-a0-43-g058985b245 (webtiles) character file.

Game seed: 15758241350288541420

659 jlumianski the Ruffian (level 7, -1/53 HPs)
             Began as a Gnoll Shapeshifter on Feb 3, 2024.
             Slain by a water moccasin (7 damage)
             ... on level 4 of the Dungeon.
             The game lasted 00:16:10 (4545 turns).

jlumianski the Ruffian (Gnoll Shapeshifter)         Turns: 4545, Time: 00:16:10

Health: -1/53      AC:  8    Str: 13    XL:     7   Next: 55%
Magic:  11/11      EV: 13    Int:  9    God:
Gold:   140        SH:  0    Dex: 12    Spells: 11/11 levels left

rFire   . .          .
                       - Unarmed
rCold   + . .        (no shield)
rNeg    + . .        t - +5 leather armour "Kulamys" {rC+ rN+ Regen+ Str-2}
rPois   .            g - melded +0 helmet
rElec   .            e - melded +0 cloak
rCorr   .            (gloves currently unavailable)
SInv    .            (boots currently unavailable)
Will    .....        (no amulet)
Stlth   ++           (no ring)
HPRegen 1.08/turn    (no ring)
MPRegen 0.12/turn

%: no passive effects
@: lethally poisoned (-1 -> -4), about to teleport, beast-form
A: beast (slay +4), fangs 1, strong nose, distributed training
a: Begin Untransformation


You were on level 4 of the Dungeon.
You were a hulking beast.
You visited 1 branch of the dungeon, and saw 5 of its levels.

You collected 186 gold pieces.
You spent 46 gold pieces at shops.

Inventory:

Hand Weapons
 i - the +6 trident "Onatom" {flame, rCorr}
   (You found it on level 2 of the Dungeon)

   rCorr:     It protects you from acid and corrosion.
 p - a +3 hand axe of flaming
Missiles
 n - 9 poisoned darts (quivered)
Armour
 a - a +0 animal skin
 e - a +0 cloak (melded)
 g - a +0 helmet (melded)
 l - a +0 plate armour
 t - the +5 leather armour "Kulamys" (worn) {rC+ rN+ Regen+ Str-2}
   (You found it on level 4 of the Dungeon)

   Str-2:     It affects your strength (-2).
   rC+:       It protects you from cold.
   rN+:       It protects you from negative energy.
   Regen+:    It increases your rate of health regeneration.
Magical Staves
 h - a staff of alchemy
 r - a staff of earth
Talismans
 c - a beast talisman (active)
 d - a flux talisman
Wands
 q - a wand of flame (21)
 x - a wand of mindburst (9)
Scrolls
 b - a scroll of vulnerability {unknown}
 f - a scroll of teleportation
 j - 2 scrolls of enchant weapon {unknown}
 k - 2 scrolls of identify {unknown}
 m - a scroll of torment {unknown}
 s - a scroll of revelation {unknown}
Potions
 o - a potion of haste {unknown}
 u - a potion of cancellation
 v - a potion of mutation {unknown}
 w - a potion of curing {unknown}


   Skills:
 + Level 3.7 Fighting
 + Level 2.6 Short Blades
 + Level 2.6 Long Blades
 + Level 2.6 Axes
 + Level 2.6 Maces & Flails
 + Level 2.6 Polearms
 + Level 2.6 Staves
 + Level 2.6 Ranged Weapons
 + Level 2.6 Throwing
 + Level 2.6 Armour
 + Level 5.3 Dodging
 + Level 2.6 Stealth
 + Level 2.6 Shields
 + Level 7.1 Unarmed Combat
 + Level 2.6 Spellcasting
 + Level 2.1 Conjurations
 + Level 2.1 Hexes
 + Level 2.1 Summonings
 + Level 2.1 Necromancy
 + Level 2.1 Translocations
 + Level 2.1 Fire Magic
 + Level 2.1 Ice Magic
 + Level 2.1 Air Magic
 + Level 2.1 Earth Magic
 + Level 2.1 Alchemy
 + Level 3.0 Invocations
 + Level 2.6 Evocations
 + Level 7.0 Shapeshifting


You had 11 spell levels left.
You didn't know any spells.
Your spell library contained the following spells:

 Spells                   Type           Power      Damage    Failure   Level
 Summon Small Mammal      Summ           20%        N/A       16%         1
 Call Canine Familiar     Summ           5%         N/A       43%         3
 Summon Blazeheart Golem  Fire/Summ      5%         N/A       85%         4
 Summon Forest            Summ/Tloc      2%         N/A       99%         5
 Summon Mana Viper        Hex/Summ       5%         N/A       99%         5
 Summon Cactus Giant      Summ           2%         N/A       100%        6
 Malign Gateway           Summ/Tloc      2%         N/A       100%        7
 Summon Horrible Things   Summ           2%         N/A       100%        8


Dungeon Overview and Level Annotations

Branches:
Dungeon (5/15)
 Temple: D:4-7

Altars:

Shops:
D:4 :((

Annotations:
D:2 1 runed translucent door, Crazy Yiuf


Innate Abilities, Weirdness & Mutations

You are a hulking beast.
Your limbs bulge with bestial killing power. (Slay +4)
You have very sharp teeth.
Your uncanny sense of smell can sniff out nearby items.
Your experience applies equally to all skills.


Message History

You climb downwards.
The water moccasin bites you.
The jelly hits you but does no damage. x2
The water moccasin closely misses you. The jelly completely misses you.
There is a stone staircase leading up here.
The water moccasin bites you. The jelly barely misses you. The jelly hits you.
The acid corrodes you!
You are splashed with acid!
You climb upwards.
There is a stone staircase leading down here.
Unknown command.
The water moccasin bites you! The jelly barely misses you.
The water moccasin closely misses you.
The water moccasin bites you but does no damage.
You open the door. The water moccasin bites you! The jelly closely misses you.
The water moccasin bites you.
You are poisoned.
The water moccasin poisons you!
You feel very sick. The jelly attacks as it pursues you!
The jelly hits you but does no damage. The water moccasin misses you.
There is an open door here.
It was a potion of cancellation.
Your magical effects are unravelling.
You feel magically purged.
You are no longer corroded.
You feel very sick. The water moccasin bites you.
The jelly hits you but does no damage.
Okay, then.
As you read the scroll of teleportation, it crumbles to dust.
You feel strangely unstable.
You feel very sick.
The water moccasin bites you but does no damage.
The jelly hits you but does no damage. The water moccasin bites you.
* * * LOW HITPOINT WARNING * * *
You are more poisoned.
The water moccasin poisons you!
* * * LOW HITPOINT WARNING * * *
You feel very sick.
You feel very sick. The jelly hits you but does no damage.
The water moccasin bites you!
You die...

######### #########
#.[.....#### #........
#.##.......# #........
#.##.......# #......).
#>.........###).......
#..#J.................
##.JSh................
###.......###........
#.###...# #.....[.. ##########
♣.♣ #..###########.
#........#♣♣.♣♣#.........# #.
#........................# #.
#........#♣♣)♣♣#......)..####.
#........# ♣.♣ #..............
#........# #.###..............


You could see a water moccasin and 2 jellies.

Vanquished Creatures
  Grinder (D:3)
  Pargi (D:4)
  A scorpion (D:3)
  A bombardier beetle (D:4)
  A hound (D:4)
  2 iguanas (D:4)
  An orc wizard (D:4)
  3 adders
  5 gnolls (D:3)
  4 dart slugs
  2 ribbon worms (D:2)
  6 orcs
  7 endoplasms
  4 giant cockroaches
  8 goblins
  7 hobgoblins
  9 jackals
  6 kobolds
  3 quokkas
  10 ball pythons
  7 bats
  7 frilled lizards
  2 rats (D:1)
98 creatures vanquished.

Notes
Turn   | Place    | Note
-------+----------+-------------------------------------------
     0 | D:1      | jlumianski the Gnoll Shapeshifter began the quest for the
                  | Orb.
     0 | D:1      | Reached XP level 1. HP: 17/17 MP: 1/1
    46 | D:1      | Reached XP level 2. HP: 11/23 MP: 2/2
   405 | D:1      | Reached XP level 3. HP: 28/28 MP: 3/3
   658 | D:2      | Identified the +6 trident "Onatom" {flame, rCorr}
   677 | D:1      | Reached skill level 1 in Invocations
   814 | D:1      | Reached skill level 1 in Short Blades
   814 | D:1      | Reached skill level 1 in Long Blades
   814 | D:1      | Reached skill level 1 in Axes
   814 | D:1      | Reached skill level 1 in Maces & Flails
   814 | D:1      | Reached skill level 1 in Polearms
   814 | D:1      | Reached skill level 1 in Staves
   814 | D:1      | Reached skill level 1 in Ranged Weapons
   814 | D:1      | Reached skill level 1 in Throwing
   814 | D:1      | Reached skill level 1 in Armour
   814 | D:1      | Reached skill level 1 in Stealth
   814 | D:1      | Reached skill level 1 in Shields
   814 | D:1      | Reached skill level 1 in Spellcasting
   814 | D:1      | Reached skill level 1 in Evocations
  1538 | D:2      | Reached XP level 4. HP: 13/34 MP: 5/5
  2185 | D:3      | Reached skill level 1 in Conjurations
  2185 | D:3      | Reached skill level 1 in Hexes
  2185 | D:3      | Reached skill level 1 in Summonings
  2185 | D:3      | Reached skill level 1 in Necromancy
  2185 | D:3      | Reached skill level 1 in Translocations
  2185 | D:3      | Reached skill level 1 in Fire Magic
  2185 | D:3      | Reached skill level 1 in Ice Magic
  2185 | D:3      | Reached skill level 1 in Air Magic
  2185 | D:3      | Reached skill level 1 in Earth Magic
  2185 | D:3      | Reached skill level 1 in Alchemy
  2287 | D:2      | Found a runed translucent door.
  2288 | D:2      | Noticed Crazy Yiuf
  2579 | D:3      | Noticed Grinder
  2583 | D:3      | Paralysed by Grinder for 3 turns
  2591 | D:3      | Killed Grinder
  2592 | D:3      | Reached skill level 5 in Dodging
  2592 | D:3      | Reached XP level 5. HP: 7/41 MP: 5/7
  2592 | D:3      | Reached XP level 6. HP: 8/47 MP: 5/8
  3775 | D:4      | Found Ebuich's Weapon Shoppe.
  3813 | D:4      | Bought 6 poisoned darts for 46 gold pieces
  3841 | D:3      | Reached XP level 7. HP: 51/52 MP: 10/10
  3943 | D:4      | Noticed Pargi
  3950 | D:4      | Killed Pargi
  4099 | D:4      | Found Gexechuu's Antique Weapon Shoppe.
  4101 | D:4      | Identified the +5 leather armour "Kulamys" {rC+ rN+ Regen+
                  | Str-2}
  4124 | D:5      | Entered Level 5 of the Dungeon
  4241 | D:4      | Found Sucypiof's Book Emporium.
  4545 | D:4      | Slain by a water moccasin

Illustrated notes

Levels and vault maps discovered:
D:1:      lightli_iron_boxes, layout_loops_ring, minivault_25,
          minmay_heptomino_o4
D:2:      layout_loops_corners, uniq_crazy_yiuf_cottage
D:3:      layout_loops_ring, uniq_grinder
D:4:      layout_basic, serial_shops, shop, shop,
          nicolae_shop_tiny_real_fake_doors, minmay_tree_intersection,
          uniq_pargi
D:5:      minmay_chambers_of_threes, layout_cave_pods,
          minmay_temple_entry_enclosed_plants, ebering_dispersal_statue_hall

Skill      XL: |  1  2  3  4  5  6  7 |
---------------+----------------------+-----
Invocations    | 1 2 3 |  3.0
Short Blades   | 1 2 |  2.6
Long Blades    | 1 2 |  2.6
Axes           | 1 2 |  2.6
Maces & Flails | 1 2 |  2.6
Polearms       | 1 2 |  2.6
Staves         | 1 2 |  2.6
Ranged Weapons | 1 2 |  2.6
Throwing       | 1 2 |  2.6
Armour         | 1 2 |  2.6
Stealth        | 1 2 |  2.6
Shields        | 1 2 |  2.6
Spellcasting   | 1 2 |  2.6
Evocations     | 1 2 |  2.6
Conjurations   | 1 2 |  2.1
Hexes          | 1 2 |  2.1
Summonings     | 1 2 |  2.1
Necromancy     | 1 2 |  2.1
Translocations | 1 2 |  2.1
Fire Magic     | 1 2 |  2.1
Ice Magic      | 1 2 |  2.1
Air Magic      | 1 2 |  2.1
Earth Magic    | 1 2 |  2.1
Alchemy        | 1 2 |  2.1
Fighting       | 3 |  3.7
Dodging        | 5 |  5.3
Unarmed Combat | 7 |  7.1
Shapeshifting  | 7 |  7.0

Action                     |  1- 3 |  4- 6 |  7- 9 || total
---------------------------+-------+-------+-------++-------
  Melee: Unarmed           |   100 |    86 |    53 ||   239
         Bite              |     5 |     7 |     4 ||    16
         Punch             |     2 |     2 |     3 ||     7
  Throw: Dart              |       |       |     1 ||     1
    Use: Potion            |     1 |       |     1 ||     2
         Scroll            |       |     1 |     1 ||     2
   Stab: Sleeping          |     4 |       |     2 ||     6
 Armour: Animal skin       |    42 |    15 |       ||    57
         Skin              |     4 |     1 |       ||     5
         Plate armour      |       |    59 |    19 ||    78
         Leather armour    |       |       |    34 ||    34
  Dodge: Dodged            |    75 |    21 |    31 ||   127
   Form: Beast             |       |     1 |       ||     1
         Flux              |       |     1 |       ||     1

Table legend: (Time is in decaauts)
 A = Elapsed time spent in this place.
 B = Non-inter-level travel time spent in this place.
 C = Inter-level travel time spent in this place.
 D = Time resting spent in this place.
 E = Time spent auto-exploring this place.
 F = Levels seen in this place.
 G = Mean time per level.
                   A        B        C        D        E       F      G
               +--------+--------+--------+--------+--------+-----+--------+
         Total |   4529 |   4458 |     71 |    722 |   2420 |   5 |  905.8 |
       Dungeon |   4529 |   4458 |     71 |    722 |   2420 |   5 |  905.8 |
               +--------+--------+--------+--------+--------+-----+--------+

Top non-repeatable levels by time:
     D:2: 1445 daAuts
     D:3: 1264 daAuts
     D:1: 1067 daAuts
     D:4: 738 daAuts
     D:5: 13 daAuts
